 Dungeon Crawl Stone Soup version 0.28-a0-1182-g381e24db82 (webtiles) character file.

Game seed: 8761874651357063967

94 flotson the Ducker (level 4, -1/34 HPs)
             Began as a Demonspawn Gladiator on Dec 16, 2021.
             Was a Follower of Uskayaw.
             Slain by Sigmund (8 damage)
             ... on level 2 of the Dungeon.
             The game lasted 00:02:25 (1760 turns).

flotson the Ducker (Demonspawn Gladiator)           Turns: 1760, Time: 00:02:25

Health: -1/34      AC:  9    Str: 16    XL:     4   Next: 38%
Magic:  5/5        EV: 12    Int:  9    God:    Uskayaw [*.....]
Gold:   37         SH:  0    Dex: 15    Spells: 3/3 levels left

rFire   . . .      SeeInvis .   a - +0 broad axe
rCold   + . .      Faith    .   (no shield)
rNeg    . . .      Spirit   .   o - +2 leather armour {rC+}
rPois   .          Reflect  .   c - +0 helmet
rElec   .          Harm     .   (no cloak)
rCorr   .          Rampage  .   (no gloves)
Will    .....                   (no boots)
Stlth   +.........              (no amulet)
HPRegen 0.11/turn               (no ring)
MPRegen 0.09/turn               (no ring)

@: confused
A: slimy green scales 2
a: Renounce Religion, Stomp


You were on level 2 of the Dungeon.
You worshipped Uskayaw.
Uskayaw was noncommittal.
You visited 1 branch of the dungeon, and saw 2 of its levels.

You collected 81 gold pieces.
You spent 44 gold pieces at shops.

Inventory:

Hand Weapons
 a - a +0 broad axe (weapon)
Missiles
 b - 5 curare-tipped darts
 d - 3 throwing nets (quivered)
Armour
 c - a +0 helmet (worn)
 o - a +2 leather armour of cold resistance (worn)
Scrolls
 e - 4 scrolls of identify {unknown}
 i - 2 scrolls of immolation {unknown}
 j - a scroll of enchant armour {unknown}
 l - 2 scrolls of teleportation {unknown}
 m - a scroll of blinking {unknown}
Potions
 f - 2 potions of berserk rage {unknown}
 g - a potion of attraction {unknown}
 h - a potion of curing {unknown}
 k - 2 potions of lignification {unknown}
 n - a potion of degeneration {unknown}


   Skills:
 + Level 2.7 Fighting
 + Level 2.8 Axes
 + Level 2.5 Throwing
 + Level 1.4 Armour
 + Level 3.2 Dodging
 + Level 1.3 Invocations


You had 3 spell levels left.
You didn't know any spells.
Your spell library contained the following spells:

 Spells                   Type           Power      Damage    Failure   Level
 Sandblast                Erth           0%         2d4       45%         1
 Passwall                 Tmut/Erth      0%         N/A       58%         2
 Stone Arrow              Conj/Erth      0%         3d7       83%         3


Dungeon Overview and Level Annotations

Branches:
Dungeon (2/15)

Altars:
Uskayaw

Shops:
D:2 (

Annotations:
D:2 Sigmund


Innate Abilities, Weirdness & Mutations

You are mostly covered in slimy green scales. (AC +3)


Message History

No target in view!
Unknown command.
No target in view!
Unknown command.
Magic restored.
k - 2 metallic puce potions (gained 1) Sigmund the Dreaded comes into view.
He is wielding a +0 scythe.
Sigmund gestures wildly while chanting.
Sigmund flickers and vanishes!
Deactivating autopickup; reactivate with Ctrl-A.
No target in view!
A magic dart appears from out of thin air!
The magic dart hits you but does no damage.
Something hits you but does no damage.
You hit something.
You hear some strange, mumbled words.
A magic dart appears from out of thin air!
The magic dart hits you!
You closely miss something.
You hear some strange, mumbled words.
Something tries to affect you, but you resist.
You miss something. Something hits you.
You closely miss something.
You hear some strange, mumbled words.
A magic dart appears from out of thin air!
The magic dart hits you. Something hits you!
You barely miss something. Something hits you.
You barely miss something. You miss something.
Something hits you but does no damage.
You barely miss something. Something hits you but does no damage.
You closely miss something. Something hits you.
* * * LOW HITPOINT WARNING * * *
You miss something.
You hear some strange, mumbled words.
You are confused.
Something hits you.
* * * LOW HITPOINT WARNING * * *
You barely miss something. Something hits you but does no damage.
You barely miss something. Something hits you!
You die...

....#..(...#..... ..##......##.#.
###.#....=....# ##..###.###.#.
#....#...#### #...# #..#..#.
#..#.....# ..## ##.#....
###..##....## #.# #.#....
.............## ..# #.#....
............... ..# #.#....
..............###..########......
..........8.....@{...............
.................#####....#.....†
..............#### ##............
..............### ##.>...[.......
................###..............
.<..........###...#..............
........#### ###.........†......
........# ##.........>.....
........# #...............


There were no monsters in sight!

Vanquished Creatures
  A scorpion zombie (D:2)
  A hound zombie (D:2)
  An adder skeleton (D:2)
  A worm (D:2)
  2 dart slugs
  3 bats (D:1)
  A bat zombie (D:2)
  5 endoplasms
  A giant cockroach (D:2)
  3 goblins (D:1)
  5 hobgoblins
  2 jackals (D:2)
  2 kobolds (D:1)
  3 quokkas
  2 ball pythons (D:1)
  2 frilled lizards
  7 rats
42 creatures vanquished.

Notes
Turn   | Place    | Note
-------+----------+-------------------------------------------
     0 | D:1      | flotson the Demonspawn Gladiator began the quest for the
                  | Orb.
     0 | D:1      | Reached XP level 1. HP: 16/16 MP: 1/1
   211 | D:1      | Gained mutation: You are partially covered in slimy green
                  | scales. (AC +2) [demonic ancestry]
   211 | D:1      | Reached XP level 2. HP: 16/22 MP: 2/2
   908 | D:1      | Reached skill level 3 in Dodging
   940 | D:1      | Found a faded altar of an unknown god.
   945 | D:1      | Prayed at the altar of an unknown god.
   945 | D:1      | Became a worshipper of Uskayaw the Reveller
   945 | D:1      | Reached * piety under Uskayaw
  1209 | D:1      | Reached skill level 1 in Armour
  1209 | D:1      | Gained mutation: You are mostly covered in slimy green
                  | scales. (AC +3) [demonic ancestry]
  1209 | D:1      | Reached XP level 3. HP: 28/28 MP: 3/3
  1278 | D:2      | Reached ** piety under Uskayaw
  1313 | D:2      | Found Xuaxkawe's Weapon Shop.
  1333 | D:2      | Reached skill level 1 in Invocations
  1422 | D:2      | Bought a +0 broad axe for 44 gold pieces
  1612 | D:2      | Reached XP level 4. HP: 34/34 MP: 4/4
  1630 | D:2      | Reached *** piety under Uskayaw
  1745 | D:2      | Noticed Sigmund
  1760 | D:2      | Slain by Sigmund

Illustrated notes

Levels and vault maps discovered:
D:1:      ncdulo_lavacross, layout_loops_ring, ebering_ecumenical_altar_hall
D:2:      layout_rooms, serial_undead, serial_undead_d, serial_undead_d,
          serial_undead_d, serial_undead_b, serial_shops, shop, uniq_sigmund

Skill      XL: |  1  2  3 |
---------------+----------+-----
Throwing       | 2 |  2.5
Dodging        | 3 |  3.2
Armour         | 1 |  1.4
Invocations    | 1 |  1.3
Fighting       | |  2.7
Axes           | |  2.8

Action                   |  1- 3 |  4- 6 || total
-------------------------+-------+-------++-------
Melee: War axe           |    79 |       ||    79
       Broad axe         |    19 |    26 ||    45
Armor: Leather armour    |    39 |    22 ||    61
Dodge: Dodged            |    86 |    11 ||    97

Table legend: (Time is in decaauts)
 A = Elapsed time spent in this place.
 B = Non-inter-level travel time spent in this place.
 C = Inter-level travel time spent in this place.
 D = Time resting spent in this place.
 E = Time spent auto-exploring this place.
 F = Levels seen in this place.
 G = Mean time per level.
                   A        B        C        D        E       F      G
               +--------+--------+--------+--------+--------+-----+--------+
         Total |   1809 |   1797 |     12 |      0 |   1444 |   2 |  904.5 |
       Dungeon |   1809 |   1797 |     12 |      0 |   1444 |   2 |  904.5 |
               +--------+--------+--------+--------+--------+-----+--------+

Top non-repeatable levels by time:
     D:1: 1271 daAuts
     D:2: 537 daAuts
